Map: Thunderbird LE

Players

soul

  • Race: Terran Terran
  • League: Grandmaster
  • Spawn Location: 5:00

llllllllllll (Oliveira) - Winner!

  • Race: Terran Terran
  • League: Master
  • Spawn Location: 11:00

Event: HomeStory Cup XX

VOD

Have the link to the VOD?

Description

Time

  • Played on: Nov. 21, 2019, 8:26 a.m.
  • Length: 18:08

All games in this series

Show
View Real Time Build Order
Export as new Build Order

soul Terran 

Build Orders: Gas First Reaper Expand 

Get SALT Encoding   

  12  0:00  SCV  
  13  0:12  SCV  
  14  0:16  Supply Depot  
  14  0:25  SCV  
  15  0:30  Refinery  
  15  0:38  SCV  
  16  0:44  Barracks  
  16  0:50  SCV  
  17  1:02  SCV  
  18  1:14  SCV  
  19  1:31  Orbital Command, Reaper  
  20  1:45  Command Center  
  20  1:57  Factory  
  20  2:00  SCV  
  21  2:07  Barracks Reactor  
  21  2:11  Supply Depot  
  21  2:14  SCV  
  22  2:20  Refinery  
  21  2:26  SCV  
  22  2:38  SCV  
  22  2:41  Hellion  
  25  2:44  Starport  
  25  2:45  Marine  
  25  2:48  Marine  
  25  2:50  SCV  
  28  2:59  Orbital Command  
  28  3:04  Factory Tech Lab  
  28  3:05  SCV  
  29  3:09  Marine  
  30  3:17  SCV  
  30  3:19  Refinery  
  31  3:23  Starport Tech Lab  
  31  3:26  SCV  
  32  3:29  SCV  
  32  3:32  Cyclone  
  36  3:38  SCV  
  36  3:41  Marine, SCV  
  38  3:47  Supply Depot  
  38  3:48  Raven  
  39  3:50  SCV  
  39  3:53  SCV  
  43  4:02  SCV  
  44  4:04  Supply Depot  
  44  4:05  SCV  
  45  4:14  SCV  
  46  4:17  SCV  
  46  4:23  Command Center  
  47  4:26  SCV  
  47  4:30  Marine, Siege Tank  
  47  4:31  Raven  
  52  4:32  SCV  
  52  4:37  Marine  
  57  4:38  SCV  
  57  4:42  Supply Depot  
  57  4:44  Supply Depot  
  57  4:45  SCV  
  58  4:50  SCV  
  59  4:55  Marine x2  
  59  4:57  SCV  
  62  5:04  Supply Depot, Siege Tank, SCV  
  66  5:09  SCV  
  67  5:15  Barracks  
  67  5:16  Refinery, SCV, Barracks  
  67  5:21  SCV  
  69  5:25  Stimpack  
  69  5:27  Viking  
  69  5:28  SCV  
  72  5:30  Viking  
  72  5:33  SCV  
  76  5:37  Orbital Command  
  76  5:39  Marine  
  76  5:40  SCV  
  77  5:45  SCV  
  77  5:46  Siege Tank  
  81  5:52  SCV  
  81  5:55  Engineering Bay  
  81  5:56  Engineering Bay  
  80  5:57  SCV  
  80  5:59  Viking  
  80  6:02  Viking  
  85  6:04  SCV x2  
  85  6:09  SCV  
  85  6:10  Barracks Reactor x2  
  88  6:15  Supply Depot  
  88  6:16  SCV  
  88  6:18  Supply Depot  
  89  6:21  Orbital Command  
  89  6:23  Marine, SCV x2  
  93  6:41  Marine, Supply Depot  
  93  6:46  Marine  
  97  6:47  Medivac  
  97  6:48  Marine, Medivac  
  97  6:49  Marine x2, SCV  
  97  6:50  SCV  
  97  6:51  SCV  
  97  6:53  Terran Infantry Weapons Level 1, Terran Infantry Armor Level 1  
  103  6:59  Marine  
  104  7:02  Siege Tank, SCV x2  
  104  7:03  Marine, SCV  
  104  7:04  Combat Shield  
  104  7:05  Sensor Tower  
  111  7:13  Supply Depot  
  111  7:14  Marine x2, SCV x2  
  111  7:15  Marine, Supply Depot, SCV  
  116  7:17  Marine  
  116  7:21  Marine  
  118  7:26  SCV x2  
  103  7:32  Marine x2  
  103  7:33  Marine, Medivac  
  103  7:34  Marine  
  103  7:39  Marine  
  102  7:46  Refinery  
  102  7:48  Command Center  
  102  7:49  Refinery, Marine  
  102  7:50  Marine, Armory  
  102  7:51  Marine, Supply Depot  
  103  7:52  Marine  
  103  7:57  Marine  
  105  8:01  Barracks  
  105  8:02  SCV  
  105  8:03  Barracks  
  106  8:07  Marine x2  
  106  8:08  Marine  
  106  8:10  Marine, Medivac x2  
  114  8:14  SCV  
  114  8:15  Marine  
  114  8:18  Sensor Tower x2, Siege Tank  
  119  8:20  SCV  
  119  8:23  SCV  
  119  8:24  Factory  
  119  8:25  Marine x2  
  119  8:26  Marine  
  124  8:28  Marine  
  118  8:34  Marine, Liberator  
  118  8:35  Liberator  
  102  8:43  Marine x2  
  102  8:44  Marine, SCV x3  
  102  8:46  Marine  
  109  8:52  Marine  
  114  8:56  SCV  
  114  8:58  SCV  
  114  8:59  Barracks Reactor  
  114  9:01  Marine x2  
  114  9:02  Marine  
  121  9:04  SCV  
  121  9:05  Barracks Reactor  
  121  9:07  Terran Vehicle And Ship Armor Level 1  
  121  9:08  SCV  
  121  9:10  SCV  
  121  9:11  Factory Tech Lab  
  121  9:12  Marine x2  
  121  9:16  SCV  
  125  9:18  Marine  
  125  9:19  Marine  
  125  9:20  Marine, Terran Infantry Weapons Level 2, SCV  
  129  9:24  SCV  
  129  9:30  Marine x2  
  133  9:31  SCV  
  133  9:32  Terran Infantry Armor Level 2, SCV  
  133  9:35  Siege Tank  
  133  9:36  Marine x2  
  133  9:37  SCV  
  140  9:41  Refinery  
  140  9:43  SCV  
  140  9:44  SCV  
  142  9:48  Refinery  
  142  9:49  SCV  
  142  9:50  Marine x3  
  142  9:51  Planetary Fortress  
  142  9:52  Marine, Siege Tank  
  148  9:55  SCV  
  148  9:59  Marine, Missile Turret  
  151  10:00  Missile Turret  
  151  10:05  SCV x2  
  153  10:07  Siege Tank  
  153  10:10  Armory  
  153  10:12  Starport  
  156  10:14  Supply Depot, SCV  
  156  10:15  Supply Depot  
  156  10:16  Starport  
  156  10:19  Marine, SCV  
  159  10:22  Marine  
  159  10:23  SCV  
  159  10:26  Marine x3, Siege Tank  
  164  10:36  SCV x2  
  164  10:38  Supply Depot  
  164  10:41  Command Center  
  164  10:42  Supply Depot  
  163  10:43  Viking x2  
  169  10:50  Starport Reactor  
  169  10:53  Supply Depot  
  167  10:59  Marine, Siege Tank  
  167  11:00  Marine  
  172  11:04  Viking  
  174  11:13  Viking x2  
  172  11:19  Siege Tank  
  172  11:20  Marine x4  
  179  11:29  Viking  
  179  11:30  Viking  
  184  11:33  Terran Vehicle And Ship Armor Level 2  
  184  11:34  Terran Ship Weapons Level 1, Viking  
  185  11:43  Viking x2  
  185  11:44  Command Center  
  185  11:45  Missile Turret  
  187  11:48  Missile Turret  
  187  11:49  Missile Turret  
  187  11:50  Terran Infantry Weapons Level 3  
  184  11:59  Viking  
  184  12:00  Viking  
  191  12:16  Liberator x4  
  191  12:19  Command Center  
  188  12:27  Starport  
  188  12:28  Starport  
  178  12:32  Starport Tech Lab  
  182  12:40  Refinery  
  182  12:41  Refinery, SCV x2  
  184  12:44  Sensor Tower  
  184  12:45  Terran Infantry Armor Level 3  
  184  12:54  Fusion Core  
  184  12:55  Planetary Fortress  
  184  12:57  SCV  
  185  12:58  Liberator  
  185  13:04  Missile Turret  
  185  13:05  Starport Tech Lab x2  
  185  13:12  Orbital Command  
  185  13:13  Missile Turret x2  
  185  13:15  Missile Turret  
  185  13:16  Missile Turret  
  187  13:24  Missile Turret  
  187  13:26  Viking  
  189  13:35  Viking  
  189  13:36  Marine x3  
  182  13:41  Marine x6  
  173  13:54  Marine x3  
  162  13:59  Marine x3  
  162  14:01  Marine x2, Orbital Command  
  165  14:12  Marine  
  165  14:15  Battlecruiser x2  
  169  14:27  SCV x4  
  169  14:29  Siege Tank x2  
  169  14:30  Marine x3  
  182  14:35  Weapon Refit  
  182  14:44  Sensor Tower  
  182  14:49  Planetary Fortress  
  182  14:52  Viking x2  
  186  14:56  Viking x2  
  190  15:00  Viking  
  190  15:04  SCV x2  
  190  15:05  SCV  
  195  15:19  Viking  
  195  15:21  Missile Turret  
  197  15:22  Missile Turret  
  197  15:24  Missile Turret  
  197  15:28  Command Center  
  197  15:32  Terran Ship Weapons Level 2  
  194  15:42  Missile Turret  
  194  15:43  Missile Turret  
  194  15:45  Command Center  
  194  15:49  Viking x2, Command Center  
  198  15:52  Viking  
  197  16:01  Viking  
  190  16:19  Battlecruiser  
  174  16:26  Battlecruiser  
  174  16:29  Marine  
  174  16:31  Marine  
  179  16:33  Marine, Battlecruiser  
  179  16:37  Marine x2  
  179  16:39  Marine  
  177  16:44  Orbital Command  
  177  16:59  Viking  
  177  17:00  Viking  
  180  17:19  Siege Tank  
  174  17:25  Command Center, Siege Tank  
  174  17:38  Marine x3  
  170  17:46  Marine  
Show
View Real Time Build Order
Export as new Build Order

llllllllllll Terran - Winner!

Build Orders: Reaper Expand 

Get SALT Encoding   

  12  0:00  SCV  
  13  0:12  SCV  
  14  0:17  Supply Depot  
  14  0:25  SCV  
  15  0:38  SCV  
  15  0:40  Barracks  
  16  0:43  Refinery  
  16  0:50  SCV  
  17  1:02  SCV  
  18  1:15  SCV  
  19  1:27  Reaper  
  19  1:28  Orbital Command  
  20  1:39  Command Center  
  20  1:47  Supply Depot  
  20  1:53  SCV  
  21  1:59  Marine  
  22  2:05  SCV  
  23  2:11  Refinery, Factory  
  23  2:17  SCV  
  23  2:22  Barracks Reactor  
  24  2:24  Bunker  
  24  2:29  SCV  
  25  2:41  SCV  
  25  2:51  Orbital Command  
  26  2:53  SCV  
  26  2:55  Hellion  
  26  2:56  Starport  
  29  2:59  Marine x2  
  31  3:06  SCV  
  32  3:17  SCV  
  32  3:18  Marine x2, Factory Tech Lab, SCV  
  36  3:23  Supply Depot  
  36  3:29  SCV  
  36  3:32  Refinery  
  37  3:34  SCV  
  37  3:37  Marine x2  
  37  3:40  Raven  
  37  3:41  SCV  
  43  3:42  Factory Tech Lab  
  43  3:46  SCV  
  44  3:51  Supply Depot  
  44  3:53  SCV  
  44  3:55  Marine x2  
  45  3:58  SCV  
  48  4:03  Cyclone  
  48  4:05  SCV  
  51  4:11  SCV  
  51  4:13  Marine x2  
  54  4:20  Command Center, SCV  
  55  4:26  Supply Depot  
  55  4:27  SCV  
  56  4:33  Starport Reactor  
  56  4:35  SCV  
  56  4:37  Barracks  
  57  4:38  Siege Tank  
  57  4:42  Stimpack  
  57  4:43  SCV  
  57  4:45  Marine  
  62  4:48  SCV  
  63  4:54  Barracks  
  63  4:55  Supply Depot  
  63  4:56  SCV  
  64  5:00  SCV  
  64  5:03  Marine  
  66  5:08  SCV  
  66  5:10  Siege Tank  
  70  5:17  Medivac x2, SCV  
  70  5:18  Supply Depot  
  70  5:19  Supply Depot  
  70  5:20  SCV  
  76  5:21  Marine  
  77  5:28  Marine  
  77  5:32  Marine, SCV  
  80  5:36  Engineering Bay  
  80  5:37  Engineering Bay  
  80  5:39  Orbital Command  
  80  5:41  Refinery  
  80  5:42  Barracks Reactor  
  80  5:43  SCV  
  80  5:44  SCV  
  80  5:46  Marine  
  80  5:49  Marine  
  84  5:53  Marine  
  84  5:55  Siege Tank, SCV  
  89  5:58  SCV  
  89  6:01  Supply Depot  
  89  6:03  Terran Infantry Weapons Level 1  
  89  6:04  Marine, Terran Infantry Armor Level 1  
  90  6:07  Marine  
  90  6:08  Medivac  
  90  6:10  SCV  
  95  6:11  SCV  
  95  6:12  SCV  
  95  6:16  Supply Depot  
  97  6:19  Medivac  
  97  6:20  Marine  
  97  6:22  SCV  
  97  6:24  SCV x2  
  97  6:25  Marine  
  104  6:33  Marine  
  104  6:34  Marine, SCV  
  104  6:37  Marine  
  108  6:46  Marine  
  109  6:48  Marine, Combat Shield  
  109  6:49  Siege Tank  
  109  6:50  SCV x2  
  109  6:53  SCV  
  116  6:54  Supply Depot, Barracks  
  116  6:55  Marine, Supply Depot, Barracks  
  116  6:58  Marine x2  
  119  7:03  Marine  
  119  7:06  Marine, Medivac x2  
  125  7:13  Refinery  
  125  7:14  Refinery  
  125  7:15  Marine, SCV  
  125  7:16  Marine, Armory  
  125  7:17  SCV  
  125  7:18  Supply Depot  
  125  7:19  SCV  
  130  7:27  SCV  
  121  7:33  Marine  
  121  7:36  SCV  
  111  7:37  Marine  
  111  7:40  Marine, Siege Tank  
  111  7:42  Viking x2  
  113  7:44  Barracks Reactor  
  113  7:45  Marine, Barracks Reactor  
  113  7:46  SCV  
  113  7:49  SCV  
  110  7:53  Marine  
  110  7:54  Marine  
  110  7:55  SCV  
  110  7:58  SCV  
  114  7:59  Marine  
  114  8:01  SCV  
  114  8:03  Command Center  
  114  8:05  Marine  
  116  8:06  Marine  
  116  8:07  Sensor Tower, SCV  
  116  8:08  Terran Infantry Armor Level 2  
  116  8:11  Terran Infantry Weapons Level 2  
  119  8:16  Marine x2  
  119  8:18  SCV x2  
  118  8:20  Siege Tank  
  118  8:22  Marine  
  118  8:24  Medivac  
  118  8:25  Marine  
  125  8:32  Marine  
  124  8:38  Marine  
  124  8:40  Marine x2  
  111  8:41  Marine x4  
  111  8:42  Marine, Viking  
  111  8:44  SCV x2  
  111  8:48  Terran Vehicle Weapons Level 1  
  115  8:50  Marine  
  115  8:53  Siege Tank  
  115  8:54  SCV  
  115  8:55  Marine, Factory  
  120  8:58  Marine x2  
  120  8:59  Marine x4, SCV  
  120  9:01  Marine  
  129  9:03  Supply Depot  
  129  9:05  Viking  
  129  9:08  Marine, SCV  
  132  9:11  SCV  
  132  9:13  Marine  
  132  9:14  Viking  
  132  9:16  Marine, Planetary Fortress  
  137  9:21  Marine  
  138  9:25  Marine x3  
  138  9:26  Refinery x2  
  138  9:29  Marine x2, Sensor Tower  
  138  9:30  Siege Tank  
  146  9:32  SCV  
  146  9:33  SCV  
  146  9:35  Marine x3, Viking  
  153  9:39  Marine, Factory Tech Lab, Supply Depot  
  153  9:42  Supply Depot  
  153  9:43  Marine  
  153  9:44  Viking  
  157  9:48  Marine x2  
  157  9:50  SCV x2  
  157  9:51  Marine  
  162  9:55  Marine  
  162  9:57  Marine x2  
  162  9:58  Siege Tank  
  168  10:01  Starport  
  168  10:02  Marine  
  168  10:03  Starport  
  168  10:04  Marine x2, Siege Tank  
  168  10:05  Viking  
  176  10:07  Marine x2  
  176  10:12  Marine  
  176  10:13  Marine, Missile Turret x2  
  180  10:20  Viking  
  180  10:21  Marine  
  183  10:23  Marine  
  183  10:24  Terran Infantry Armor Level 3  
  184  10:34  Sensor Tower  
  179  10:36  Marine, Liberator, Command Center  
  179  10:37  Marine x2  
  179  10:38  Command Center  
  179  10:39  SCV  
  179  10:40  Marine  
  179  10:42  Starport Tech Lab, Starport Reactor  
  181  10:43  Marine x3  
  181  10:47  Siege Tank  
  181  10:49  Marine, Siege Tank  
  194  10:57  Terran Infantry Weapons Level 3  
  194  10:59  Liberator  
  194  11:03  Marine  
  195  11:08  Liberator  
  195  11:14  Marine  
  196  11:25  Fusion Core  
  196  11:26  Terran Vehicle And Ship Armor Level 1  
  196  11:30  Liberator  
  196  11:39  Liberator  
  196  11:43  Liberator  
  196  11:44  Command Center  
  196  11:47  Marine  
  196  11:48  Command Center  
  196  11:49  Liberator  
  200  11:56  Marine x2  
  197  12:07  Orbital Command x2  
  197  12:09  Marine  
  197  12:14  Liberator  
  198  12:16  Marine  
  198  12:18  Marine  
  200  12:28  Marine  
  191  12:30  Marine  
  191  12:35  Marine  
  196  12:40  Command Center  
  196  12:41  Advanced Ballistics  
  196  12:42  Command Center, Armory  
  196  12:44  Viking  
  196  12:45  Viking  
  196  12:51  Refinery  
  200  12:59  Orbital Command  
  200  13:05  Hi-Sec Auto Tracking  
  200  13:12  Refinery  
  200  13:20  Terran Ship Weapons Level 1  
  200  13:34  Neosteel Armor  
  175  13:42  Marine x2  
  175  13:43  Marine x2  
  175  13:46  Viking  
  175  13:47  Viking x3  
  175  13:48  Viking, Siege Tank  
  148  13:53  Marine x5  
  148  13:55  Siege Tank  
  140  14:00  Marine x2  
  140  14:01  Marine  
  140  14:03  Marine  
  140  14:04  Planetary Fortress  
  140  14:07  Orbital Command x2  
  141  14:10  Marine  
  141  14:11  Marine x2  
  141  14:12  Marine  
  141  14:15  Marine  
  143  14:18  Terran Vehicle And Ship Armor Level 2  
  143  14:20  Marine x2  
  143  14:24  Marine x2  
  143  14:26  Viking  
  143  14:27  Viking x2, Sensor Tower  
  143  14:28  Viking  
  143  14:29  Missile Turret  
  153  14:31  Orbital Command  
  153  14:32  Marine  
  153  14:34  Marine  
  153  14:36  Medivac, Missile Turret  
  153  14:37  Sensor Tower  
  157  14:39  Liberator  
  157  14:40  Liberator  
  157  14:42  Marine x2, Missile Turret  
  157  14:44  Liberator x2  
  159  14:47  Marine  
  159  14:49  Marine x3, Liberator  
  159  14:50  Siege Tank  
  159  14:51  Siege Tank  
  169  14:59  Marine  
  176  15:03  Marine x2  
  176  15:04  Marine x2  
  189  15:14  Missile Turret  
  189  15:15  Marine  
  189  15:17  Marine  
  189  15:20  Terran Ship Weapons Level 2  
  189  15:21  Missile Turret  
  189  15:23  Marine  
  189  15:26  Marine  
  189  15:34  Marine x2  
  191  15:51  Liberator  
  191  16:04  Marine  
  191  16:06  Marine  
  191  16:07  Marine x2  
  195  16:11  Marine  
  195  16:13  Marine  
  195  16:15  Marine x2, Liberator x2  
  190  16:19  Liberator  
  172  16:27  Viking  
  172  16:29  Marine  
  172  16:30  Marine, SCV  
  172  16:31  Marine  
  165  16:34  Marine, Siege Tank x2  
  165  16:36  Marine  
  165  16:37  Marine x2  
  165  16:39  SCV  
  175  16:46  Marine  
  174  16:48  Marine x2  
  174  16:49  Barracks Reactor  
  174  16:51  Viking  
  177  16:54  Marine  
  177  16:57  Viking  
  177  16:58  SCV  
  178  17:01  Marine x2  
  178  17:02  Marine  
  178  17:04  Marine  
  183  17:09  Marine  
  183  17:12  Marine  
  181  17:27  Marine x2  
  177  17:30  Marine x2  
  177  17:32  Marine  
  176  17:43  Marine  
  172  17:44  Marine x2  
Tags
 
Add a new tag
Caveats
  • Supply blocks, unpowered buildings, or Contaminate may cause inaccurate times.
  • Supply counts are checked every 10 seconds.